 Dungeon Crawl Stone Soup version 0.25-a0-424-g80bd347ae0 (webtiles) character file.

Game seed: 18210329610997359832, levelgen mode: deterministic

44 ReteAZ the Chopper (level 3, 0/31 HPs)
             Began as a Minotaur Abyssal Knight on Jan 21, 2020.
             Was a Follower of Lugonu.
             Succumbed to an adder's poison
             ... on level 2 of the Dungeon.
             The game lasted 00:01:08 (690 turns).

ReteAZ the Chopper (Minotaur Abyssal Knight)         Turns: 690, Time: 00:01:09

Health: 0/31       AC:  3    Str: 17    XL:     3   Next: 39%
Magic:  4/4        EV: 11    Int:  9    God:    Lugonu [*.....]
Gold:   43         SH:  0    Dex:  9    Spells: 2/2 levels left

rFire    . . .     SeeInvis .   a - +1 hand axe
rCold    . . .     Gourm    .   (no shield)
rNeg     . . .     Faith    .   b - +0 leather armour
rPois    .         Spirit   .   (helmet restricted)
rElec    .         Reflect  .   (no cloak)
rCorr    .         Harm     .   (no gloves)
MR       .....                  (no boots)
Stlth    +.........             (no amulet)
HPRegen  0.10/turn              (no ring)
MPRegen  0.09/turn              (no ring)

@: lethally poisoned (0 -> -7)
A: retaliatory headbutt, horns 2
a: Depart the Abyss, Renounce Religion


You were on level 2 of the Dungeon.
You worshipped Lugonu.
Lugonu was aware of your devotion.
You were not hungry.

You visited 1 branch of the dungeon, and saw 2 of its levels.
You visited the Abyss 1 time.

You collected 43 gold pieces.

Inventory:

Hand Weapons
 a - a +1 hand axe (weapon)
Armour
 b - a +0 leather armour (worn)
Scrolls
 d - 2 scrolls of identify {unknown}
 i - a scroll of teleportation {unknown}
Potions
 e - a potion of magic {unknown}
 g - a potion of curing {unknown}
 h - a potion of mutation {unknown}
Comestibles
 c - 4 rations
 f - 8 chunks of flesh


   Skills:
 - Level 3.6 Fighting
 + Level 3.7 Axes
 - Level 2.4 Armour
 - Level 1.1 Dodging
 + Level 2.9 Invocations


You had 2 spell levels left.
You didn't know any spells.
Your spell library was empty.

Dungeon Overview and Level Annotations

Branches:
Dungeon (2/15)

Altars:
Dithmenos
The Shining One

Annotations:
D:2 Jessica


Innate Abilities, Weirdness & Mutations

You reflexively headbutt those who attack you in melee.
You have a pair of horns on your head.


Message History

Jessica shouts, "You're disturbing me!
I'll have to kill you!"
Jessica mumbles some strange words.
Jessica blinks!
The adder closely misses you.
Unknown command.
You closely miss the adder.
You feel sick. The adder bites you.
You hit the adder.
The adder is lightly wounded.
The adder bites you. The adder completely misses you.
You completely miss the adder.
The adder is lightly wounded.
You feel sick. The adder bites you.
* * * LOW HITPOINT WARNING * * *
You are more poisoned.
The adder poisons you!
Jessica points at you and mumbles some strange words.
Pain shoots through your body!
* * * LOW HITPOINT WARNING * * *
The adder bites you.
* * * LOW HITPOINT WARNING * * *
You die...

#.##### ####......
.........##.# #.#
.........@....#.# #.#
.........##.#<#.###+##.###
......†..##.#.#.##.....#<.
#...†.##.....##.....#.#
##..S..#.....##.....#..
#..##@......##.....#.#
#..###.......##.....#..
....##...<....##.....#.#
......................#..
...!....##.....#.....#.#.#
..._...# ##.#........+....
.....##....÷#.....##..#
............#.....##(.# ..
##.......#.....##..#


You could see an adder.

Vanquished Creatures
  An adder (D:2)
  4 dart slugs (D:1)
  A leopard gecko (D:1)
  2 ball pythons
  3 giant cockroaches
  A goblin (D:1)
  5 hobgoblins
  4 kobolds
  A bat (D:1)
  4 rats
26 creatures vanquished.

Notes
Turn   | Place    | Note
-------+----------+-------------------------------------------
     0 | Abyss:1  | ReteAZ the Minotaur Abyssal Knight began the quest for the
                  | Orb.
     0 | Abyss:1  | Reached XP level 1. HP: 19/19 MP: 1/1
     0 | D:1      | Escaped the Abyss
    37 | D:1      | Reached * piety under Lugonu
    53 | D:1      | Found a glowing golden altar of the Shining One.
   147 | D:1      | Reached XP level 2. HP: 26/26 MP: 2/2
   547 | D:2      | Reached XP level 3. HP: 28/31 MP: 4/4
   675 | D:2      | Found a shadowy altar of Dithmenos.
   680 | D:2      | Noticed Jessica
   689 | D:2      | HP: 1/31 [adder (3)]
   690 | D:2      | Succumbed to an adder's poison

Levels and vault maps discovered:
D:1:      dpeg_arrival_tiny_a, layout_loops_ring, tso_metal_star
D:2:      layout_basic, nicolae_dithmenos_shadow_blocks, uniq_jessica

Skill      XL: |  1 |
---------------+----+-----
Invocations    | 2 |  2.9
Axes           | 3 |  3.7
Fighting       | |  3.6
Armour         | |  2.4
Dodging        | |  1.1

Action                   || total
-------------------------++-------
Melee: Hand axe          ||    66
       Headbutt          ||     8
Invok: Depart the Abyss  ||     1
Armor: Leather armour    ||    19
Dodge: Dodged            ||    35

Table legend:
 A = Non-vault XP
 B = Vault XP
 C = Vault XP percentage of total XP
 D = Non-vault monster count
 E = Vault monster count
 F = Vault count percentage of total count
                 A         B        C        D         E       F
            +---------+---------+-------+---------+---------+-------
      Total |      63 |       0 |   0.0 |      26 |       0 |   0.0
            +---------+---------+-------+---------+---------+-------
        D:1 |      39 |       0 |   0.0 |      18 |       0 |   0.0
        D:2 |      24 |       0 |   0.0 |       8 |       0 |   0.0
            +---------+---------+-------+---------+---------+-------
